AoeStats
← Darth MBAG

MegaRandom

510440545Analyzed
4v4 RM · 9h ago on Oct 1, 2026· 47m 12s· 8 players
Game mode
Random Map
Map size
Large (8 player)
Population
200
Speed
Normal
Resources
Standard
Victory
Conquest
Starting age
Dark Age
Ending age
Imperial Age
RankedLock teamsTeams togetherTeam positionsShared explorationLock speedFull tech treeHidden civsTurbo modeCheats
Victory
Defeat
🇺🇸 Tatars · United States
1176
+16
🇺🇸 Burgundians · United States
1175
+16
🇺🇸 Persians · United States
1164
+16
🇺🇸 Goths · United States
1159
+17
🇺🇸 Bohemians · United States
1221
-18
🇺🇸 Saxons · United States
1193
-17
🇺🇸 Mongols · United States
1190
-17
🇺🇸 Varangians · United States
1099
-13
CAS MBAG
10:56 Feudal Age
10:22 Loom
14:55 Castle Age
12:54 Double-Bit Axe
22:26 Horse Collar
26:24 Anarchy
30:57 Imperial Age
34:33 Squires
34:56 Perfusion
37:49 Bow Saw
39:46 Forging
40:58 Heavy Plow
42:43 Iron Casting
42:09 Scale Mail Armor
44:35 Blast Furnace
46:09 Chain Mail Armor
48:01 Crop Rotation
Darth MBAG
10:42 Feudal Age
10:31 Loom
14:54 Castle Age
20:47 Town Watch
30:15 Horse Collar
45:08 Imperial Age
2nd lieutenant milkerton
10:16 Feudal Age
11:50 Loom
14:45 Fletching
14:56 Padded Archer Armor
16:46 Wheelbarrow
22:29 Castle Age
21:10 Gold Mining
21:01 Horse Collar
21:19 Double-Bit Axe
21:48 Stone Mining
22:34 Crossbowman
23:20 Bodkin Arrow
23:31 Town Watch
26:35 Leather Archer Armor
30:49 Gold Mining
33:09 Ballistics
34:05 Bow Saw
33:58 Heavy Plow
38:14 Imperial Age
37:09 Husbandry
37:19 Bloodlines
39:53 Heavy Cavalry Archer
41:03 Bracer
41:34 Conscription
42:57 Chemistry
41:41 Light Cavalry
42:32 Forging
44:09 Iron Casting
43:40 Scale Barding Armor
46:21 Timurid Siegecraft
47:06 Ring Archer Armor
46:21 Hussar
ilovebees
6:54 Loom
9:56 Feudal Age
8:24 Double-Bit Axe
13:23 Bow Saw
16:08 Horse Collar
22:04 Castle Age
20:30 Heavy Plow
20:25 Gold Mining
20:52 Scale Barding Armor
20:57 Forging
21:46 Forging
23:33 Husbandry
23:54 Chain Barding Armor
25:40 Two-Man Saw
25:08 Cavalier
31:42 Iron Casting
31:57 Wheelbarrow
31:11 Town Watch
40:31 Imperial Age
38:17 Hand Cart
40:30 Light Cavalry
40:45 Paladin
41:25 Hussar
d a n k s c i e n c e o n l y
10:26 Feudal Age
11:10 Double-Bit Axe
14:11 Loom
14:33 Horse Collar
17:20 Castle Age
16:06 Padded Archer Armor
19:04 Leather Archer Armor
19:12 Fervor
20:29 Heavy Plow
21:25 Sanctity
25:44 Chemistry
29:36 Scale Mail Armor
30:00 Squires
31:07 Wheelbarrow
30:55 Chain Mail Armor
30:51 Forging
31:08 Pikeman
35:18 Wagenburg Tactics
41:45 Imperial Age
44:46 Iron Casting
RandomTask778
5:29 Loom
10:37 Feudal Age
11:10 Man-at-Arms
12:07 Double-Bit Axe
12:03 Horse Collar
19:13 Castle Age
21:10 Pikeman
30:13 Imperial Age
28:50 Sanctity
29:07 Gold Mining
28:58 Clerical Recruitment
32:29 Block Printing
32:56 Theocracy
33:05 Bow Saw
38:01 Two-Man Saw
39:26 Redemption
41:27 Scale Mail Armor
45:50 Wheelbarrow
45:33 Chain Mail Armor
45:48 Elite Varangian Guard
46:53 Heavy Plow
47:18 Squires
47:33 Forging
Insidejoke7777
1:23 Loom
11:28 Feudal Age
23:09 Castle Age
21:38 Fletching
30:25 Double-Bit Axe
31:17 Guard Tower
34:23 Padded Archer Armor
35:21 Murder Holes
36:27 Ballistics
41:05 Bodkin Arrow
Bender B. Rodriguez
6:54 Loom
10:57 Feudal Age
19:28 Castle Age
20:43 Scale Mail Armor
21:01 Squires
21:54 Forging
23:17 Horse Collar
23:24 Double-Bit Axe
42:58 Scale Barding Armor
44:09 Iron Casting
44:40 Chain Barding Armor
50:09 Imperial Age
Connection lost

Rejoining the realm…

Still unreachable

The connection could not be restored.

Session expired

The server has moved on; the page needs a fresh start.